[Event "African Championship"]
[Site "followchess.com"]
[Date "2021.05.23"]
[Round "5"]
[White "Amin, Bassem"]
[Black "Mhango, Banele"]
[Result "1-0"]
[ECO "B22"]
[WhiteElo "2701"]
[BlackElo "2117"]
[PlyCount "121"]
[EventDate "2021.??.??"]
[TimeControl "7200+30"]
[WhiteClock "0:22:58"]
[BlackClock "0:01:59"]

1. e4 c5 2. c3 Nf6 3. e5 Nd5 4. Nf3 Nc6 5. d4 cxd4 6. Bc4 e6 7. O-O Be7 8.
cxd4 d6 9. Qe2 O-O 10. Qe4 Ndb4 11. exd6 Qxd6 12. Nc3 Na5 13. Bf4 Qc6 14. Qxc6 bxc6 15. Be2 Ba6 16. Bxa6 Nxa6 17. a3 Nb3 18. Rad1 Rfd8 19. Rfe1 Bf6 20. Ne4 c5 21. Nxf6+ gxf6 22. Be3 c4 23. Nd2 Nxd2 24. Rxd2 Rd7 25. Rc1 Rc8 26. Rc3 Rb7 27. b4 Kf8 28. Rdc2 Ke7 29. Kf1 Kd6 30. Rxc4 Rxc4 31. Rxc4 Kd5 32. Rc8 Nc7 33. Ke2 Kd6 34. Kd3 Nd5 35. Bd2 a5 36. bxa5 Rb3+ 37. Kc2 Rxa3 38. Rh8 Ra2+ 39. Kd3 e5 40. dxe5+ fxe5 41. Rd8+ Kc6 42. Re8 Kd6 43. g4 Ra4 44. g5 Rh4 45. Rd8+ Ke6 46. Rc8 Ra4 47. Rc6+ Kf5 48. f3 Nf4+ 49. Bxf4 exf4 50. Rc5+ Kg6 51. Kc3 Ra3+ 52. Kb4 Rxf3 53. a6 Rf1 54. Ra5 f3 55. a7 f2 56. a8=Q Rb1+ 57. Kc3 f1=Q 58. Qc6+ Kh5 59. Qh6+ Kg4 60. Ra4+ Kf3 61. Qc6+ 1-0

[Event "African Championship"]
[Site "followchess.com"]
[Date "2021.05.23"]
[Round "5"]
[White "Bellahcene, Bilel"]
[Black "Nassr, Ali"]
[Result "1-0"]
[ECO "B45"]
[WhiteElo "2508"]
[BlackElo "2232"]
[PlyCount "69"]
[EventDate "2021.??.??"]
[TimeControl "7200+30"]
[WhiteClock "0:26:13"]
[BlackClock "0:56:56"]

1. e4 c5 2. Nf3 e6 3. d4 cxd4 4. Nxd4 Nc6 5. Nc3 Nf6 6. Ndb5 Bc5 7. Bf4 O-O 8. Bc7 Qe7 9. Bd6 Bxd6 10. Qxd6 Ne8 11. Qxe7 Nxe7 12. O-O-O f5 13. e5 Ng6 14. Re1 a6 15. Nd4 b5 16. a4 b4 17. Nb1 d5 18. Nd2 Rf7 19. h4 Rc7 20. h5 Nf8 21. b3 a5 22. g3 Ba6 23.
Bh3 g5 24. hxg6 hxg6 25. N2f3 Bd3 26. Ng5 Rac8 27. Kd2 Be4 28. f3 Rxc2+ 29. Nxc2 Rxc2+ 30. Kd1 Bd3 31. Bf1 Rc3 32. Bxd3 Rxd3+ 33. Kc2 Rc3+ 34. Kb2 Nc7 35. Rc1 1-0

[Event "African Championship"]
[Site "followchess.com"]
[Date "2021.05.23"]
[Round "5"]
[White "Bwalya, Gillan"]
[Black "Mwale, Joseph"]
[Result "0-1"]
[ECO "E30"]
[WhiteElo "2405"]
[BlackElo "2148"]
[PlyCount "130"]
[EventDate "2021.??.??"]
[TimeControl "7200+30"]
[WhiteClock "0:15:27"]
[BlackClock "0:04:54"]

1. d4 Nf6 2. c4 e6 3. Nc3 Bb4 4. Bg5 c5 5. d5 d6 6. e3 h6 7. Bh4 g5 8. Bg3 exd5 9. cxd5 h5 10. h4 Ne4 11. Nge2 Qa5 12. Qc1 c4 13. a3 Bxc3+ 14. Nxc3 Nxg3 15. fxg3 Nd7 16. Bxc4 Ne5 17. Be2 Bg4 18. O-O Bxe2 19. Nxe2 gxh4 20. gxh4 Qxd5 21. Nc3 Qc6 22. Qd2 O-O-O 23. Nd5 Kb8 24. Rac1 Qb5 25. Nf6 a6 26. Rf4 Qd3 27. Rd1 Qxd2 28. Rxd2 Rc8 29. Rd3 d5 30. Rxd5 Rc1+ 31. Kh2 Nc4 32. Rd3 Nxb2 33. Rb3 Nc4 34. Nd7+ Ka7 35. Rxf7 Nd2 36. Rb4 Nf1+ 37. Kh3 Nxe3 38. Nf6 Rh1+ 39. Kg3 Nf5+ 40. Kf2 Nd6 41. Rd7 Nb5 42. g3 Rf8 43. Kg2 Ra1 44. Nxh5 Rxa3 45. Rf4 Rh8 46. Nf6 Rb3 47. h5 Nc3 48. Rf5 Rb4 49. g4 Ne4 50. g5 Rf8 51. Rg7 Rb6 52. Nxe4 Rxf5 53. Kg3 Rb3+ 54. Kg4 Rbf3 55. Ng3 R5f4+ 56. Kh3 Ra4 57. Kg2 Rb3 58. Nf1 Rg4+ 59. Kf2 Rf4+ 60. Ke2 Rb2+ 61. Nd2 Rd4 62. h6 Rbxd2+ 63. Kf3 R2d3+ 64. Ke2 Rh3 65. h7 Ra4 0-1

[Event "African Championship"]
[Site "followchess.com"]
[Date "2021.05.23"]
[Round "5"]
[White "Fawzy, Adham"]
[Black "Talbi, Chafik"]
[Result "1-0"]
[ECO "B68"]
[WhiteElo "2473"]
[BlackElo "2244"]
[PlyCount "95"]
[EventDate "2021.??.??"]
[TimeControl "7200+30"]
[WhiteClock "0:28:59"]
[BlackClock "0:49:00"]

1. e4 c5 2. Nf3 d6 3. d4 cxd4 4. Nxd4 Nf6 5. Nc3 Nc6 6. Bg5 e6 7. Qd2 a6 8. O-O-O Bd7 9. f4 Be7 10. Nf3 b5 11. e5 b4 12. exd6 bxc3 13.
Qxc3 Bf8 14. Bc4 Ne4 15. Qe3 Nxg5 16. Nxg5 Rb8 17. f5 Qb6 18. Qc3 Qa5 19. Qxa5 Nxa5 20. fxe6 Nxc4 21. exd7+ Kxd7 22. Nxf7 Rg8 23. Rd4 Nxd6 24. Rhd1 Rb6 25. c4 Rc6 26. Ne5+ Kc7 27. Nxc6 Kxc6 28. b4 Be7 29. c5 Nb5 30. Re4 Bg5+ 31. Kc2 Rf8 32. a4 Rf2+ 33. Kb3 Nc7 34. Rd6+ Kb7 35. c6+ Ka7 36. Rd7 Kb8 37. Rxg7 Rxg2 38. b5 axb5 39. axb5 Rb2+ 40. Kxb2 Bf6+ 41. Kb3 Bxg7 42. b6 Bf6 43. Kc4 Bd8 44. bxc7+ Kxc7 45. Kd5 Bg5 46. h4 Bd8 47. h5 h6 48. Rg4 1-0

[Event "African Championship"]
[Site "followchess.com"]
[Date "2021.05.23"]
[Round "5"]
[White "Mwali, Chitumbo"]
[Black "Kayonde, Andrew"]
[Result "1-0"]
[ECO "A13"]
[WhiteElo "2285"]
[BlackElo "2399"]
[PlyCount "59"]
[EventDate "2021.??.??"]
[TimeControl "7200+30"]
[WhiteClock "0:20:34"]
[BlackClock "0:02:36"]

1. c4 e6 2. g3 d5 3. Bg2 dxc4 4. Nf3 a6 5. O-O Nf6 6. Na3 b5 7. d3 cxd3 8. Ne5 Ra7 9. Be3 c5 10. Nxd3 Rd7 11. Qc2 c4 12. Ne5 Rd6 13. Rad1 Rxd1 14. Rxd1 Nd5 15. Bf4 Bxa3 16. e4 Bd6 17. exd5 Qc7 18. Nxf7 Kxf7 19. dxe6+ Bxe6 20. Rxd6 Qc8 21. Rb6 Nd7 22. Rxe6 Kxe6 23. Qe4+ Kf7 24. Qd5+ Ke8 25. Bh3 h6 26. Qe6+ Kd8 27. Bd2 Qb7 28. Ba5+ Kc8 29. Bg2 Qa7 30. Qc6+ 1-0

[Event "African Championship"]
[Site "followchess.com"]
[Date "2021.05.23"]
[Round "5"]
[White "Rakotomaharo, Fy Antenaina"]
[Black "Adly, Ahmed"]
[Result "1/2-1/2"]
[ECO "B12"]
[WhiteElo "2429"]
[BlackElo "2615"]
[PlyCount "199"]
[EventDate "2021.??.??"]
[TimeControl "7200+30"]
[WhiteClock "0:05:01"]
[BlackClock "0:04:40"]

1. e4 c6 2. d4 d5 3. e5 Bf5 4. h4 h5 5. Bd3 Bxd3 6. Qxd3 e6 7. Bg5 Qa5+ 8.
Nd2 Qa6 9. c4 dxc4 10. Nxc4 Nh6 11. Nf3 Nd7 12. O-O Nb6 13. Rfc1 Nf5 14. Qb3 Nd5 15. Ne3 Nfe7 16. Nd2 Qb6 17. Nec4 Qxb3 18. Nd6+ Kd7 19. Nxb3 Nf5 20. Nc5+ Kc7 21. Nxf7 Bxc5 22. dxc5 Rhf8 23. Nd6 b6 24. Ne4 Kd7 25. Re1 b5 26. Rad1 a5 27. Rd3 a4 28. Ng3 Nxg3 29. Rxg3 Ke8 30. Bd2 Ra7 31. Rg5 Rh8 32. Re4 Rd7 33. Rd4 Kf7 34. Bc3 Rdd8 35.
Ba5 Ra8 36. Bd2 Rad8 37. Ba5 Rdf8 38. Rg3 Kg8 39. Bd2 Rf5 40. Re4 Kh7 41. Rd3 Rhf8 42. Re2 R5f7 43. Kf1 Ra8 44. Ke1 Rd7 45. Re4 Raa7 46. Ke2 Rdb7 47. a3 Ra8 48. Rg3 Rf8 49. Rd3 Rbf7 50. f3 Rd7 51. Bg5 Kg6 52. Rdd4 Ra8 53. Bd2 Rad8 54. Kd3 Kf7 55. Bg5 Rh8 56. Bd2 Ke8 57. Ke2 Kd8 58. Kf2 Kc8 59. Re1 Kb7 60. Rh1 Ka6 61. Rh3 Rf8 62. Rg3 Rf5 63. Rg5 Rxg5 64. hxg5 g6 65. Ke2 Rf7 66. Rh4 Rf5 67. Re4 Kb7 68. Kd3 Rf7 69. Rh4 Ne7 70. Rh3 Nf5 71. g4 Rd7+ 72.
Kc3 Ng7 73. gxh5 Nxh5 74. f4 Kc8 75. Be3 Kc7 76. Kc2 Rd5 77.
Rh2 Kd7 78. Kc3 Ke7 79. Rh1 Kd8 80. Rh3 Rd7 81. Bd2 Kc7 82.
Be3 Rd1 83. Bd2 Rg1 84. Kc2 Rg2 85. Kd1 Rg3 86. Rxg3 Nxg3 87. Be3 Kb7 88. Kc2 Nf5 89. Bf2 Ka6 90. Kd3 Ne7 91. Be3 Nf5 92.
Bf2 Kb7 93. Ke4 Kc8 94. Kd3 Ne7 95. Be3 Nd5 96. Bd2 Nc7 97.
Be3 Kd7 98. Bd2 Nd5 99. Bc1 Ne7 100. Be3 1/2-1/2

[Event "African Championship"]
[Site "followchess.com"]
[Date "2021.05.24"]
[Round "6"]
[White "Adly, Ahmed"]
[Black "Amin, Bassem"]
[Result "1/2-1/2"]
[ECO "E69"]
[WhiteElo "2615"]
[BlackElo "2701"]
[PlyCount "111"]
[EventDate "2021.??.??"]
[TimeControl "7200+30"]
[WhiteClock "0:14:33"]
[BlackClock "0:36:04"]

1. d4 Nf6 2. Nf3 g6 3. g3 Bg7 4. Bg2 O-O 5. c4 d6 6. O-O Nbd7 7. Nc3 e5 8. h3 c6 9. e4 Qa5 10. Re1 Re8 11. d5 cxd5 12. cxd5 b5 13.
a3 Nb6 14. b4 Qa6 15. Bf1 Bd7 16. a4 Nc4 17. Bg5 Qc8 18. Nxb5 a6 19. Bxc4 axb5 20. Bxb5 Bxb5 21. axb5 Qxh3 22. Ra6 Ng4 23. Qa4 Rab8 24. b6 Rec8 25. Rc1 Rf8 26. Rc7 Bf6 27. Bxf6 Nxf6 28. Qc2 Qg4 29. Nh2 Qxe4 30. Qxe4 Nxe4 31. Ng4 h5 32. Ne3 Nf6 33. b7 Rfd8 34. Rac6 Kf8 35. Rc8 Ke7 36. R6c7+ Nd7 37. Rxb8 Rxb8 38. Nc4 Kd8 39. Rc8+ Rxc8 40. bxc8=Q+ Kxc8 41.
Nxd6+ Kd8 42. Kg2 Ke7 43. Nc4 Nf6 44. b5 Nxd5 45. b6 Kd8 46.
b7 Kc7 47. Nxe5 g5 48. Nxf7 h4 49. g4 Nf4+ 50. Kf3 Ne6 51. Nd6 Nd4+ 52. Ke3 h3 53. Ne4 Nc6 54. f3 h2 55. Ng3 Kxb7 56. Ke4 1/2-1/2

[Event "African Championship"]
[Site "followchess.com"]
[Date "2021.05.24"]
[Round "6"]
[White "Apemiye, Austin"]
[Black "Mwale, George"]
[Result "0-1"]
[ECO "E62"]
[WhiteElo "2076"]
[BlackElo "1982"]
[PlyCount "20"]
[EventDate "2021.??.??"]
[TimeControl "7200+30"]
[WhiteClock "1:31:30"]
[BlackClock "1:27:55"]

1. c4 Nf6 2. g3 g6 3. Bg2 Bg7 4. Nc3 O-O 5. d4 d6 6. Nf3 Nc6 7. d5 Na5 8. Qd3 c5 9. O-O a6 10. Bf4 b5 0-1

[Event "African Championship"]
[Site "followchess.com"]
[Date "2021.05.24"]
[Round "6"]
[White "Bwalya, Gillan"]
[Black "Methu, Joseph Muragu"]
[Result "1-0"]
[ECO "B49"]
[WhiteElo "2405"]
[BlackElo "2119"]
[PlyCount "32"]
[EventDate "2021.??.??"]
[TimeControl "7200+30"]
[WhiteClock "0:36:19"]
[BlackClock "0:48:21"]

1. e4 c5 2. Nf3 e6 3. d4 cxd4 4. Nxd4 Nc6 5. Be3 Qc7 6. Nc3 a6 7. Be2 Nf6 8. a3 b5 9. Nxc6 dxc6 10. O-O Bb7 11. f4 Be7 12. Bf3 e5 13.
g3 h5 14. fxe5 Qxe5 15. Bf4 Qe6 16. b4 Ng4 1-0

[Event "African Championship"]
[Site "followchess.com"]
[Date "2021.05.24"]
[Round "6"]
[White "Calicoca, Wilton Inacio"]
[Black "Wageih, Kareim"]
[Result "0-1"]
[ECO "B20"]
[WhiteElo "2122"]
[BlackElo "2425"]
[PlyCount "64"]
[EventDate "2021.??.??"]
[TimeControl "7200+30"]
[WhiteClock "0:13:46"]
[BlackClock "0:02:28"]

1. e4 c5 2. Ne2 e5 3. Nbc3 Nf6 4. g3 d5 5. exd5 Nxd5 6. Bg2 Be6 7. d3 Nc6 8. O-O Be7 9. f4 exf4 10. Nxf4 Nxf4 11. Bxf4 O-O 12. Kh1 Qd7 13. Qd2 Nd4 14. Rae1 Rae8 15. a4 b6 16. b3 a6 17. Rf2 b5 18. axb5 axb5 19. Ne2 Nc6 20. Ng1 Bf6 21. Nf3 Bd5 22. Be3 b4 23. Ref1 Qe7 24. Bf4 Bc3 25. Qc1 Ra8 26. Qe3 Qb7 27. Bd6 Rfe8 28. Qg5 Nd4 29. Qg4 Nxf3 30. Bxf3 Bd4 31. Rd2 Ra1 32. Rdf2 Bxf2 0-1

[Event "African Championship"]
[Site "followchess.com"]
[Date "2021.05.24"]
[Round "6"]
[White "Fawzy, Adham"]
[Black "Rakotomaharo, Fy Antenaina"]
[Result "1/2-1/2"]
[ECO "C45"]
[WhiteElo "2473"]
[BlackElo "2429"]
[PlyCount "61"]
[EventDate "2021.??.??"]
[TimeControl "7200+30"]
[WhiteClock "0:03:39"]
[BlackClock "0:28:22"]

1. e4 e5 2. Nf3 Nf6 3. Nc3 Nc6 4. d4 exd4 5. Nxd4 Bb4 6.
Nxc6 bxc6 7. Bd3 d5 8. exd5 O-O 9. O-O cxd5 10. Qf3 Bd6 11.
Bg5 c6 12. Rfe1 Rb8 13. Rab1 Be6 14. Ne2 Bg4 15. Qe3 h6 16. Bh4 Re8 17. Qxa7 c5 18. Nc3 Rxe1+ 19. Rxe1 g5 20. Bg3 c4 21. Bf1 Bxg3 22. hxg3 Rxb2 23. Qd4 Qb6 24. Qd2 Qa5 25. Re5 Rxa2 26. Rxg5+ hxg5 27. Qxg5+ Kf8 28. Nxa2 Ne4 29. Qxg4 Qxa2 30. Qe2 Qa7 31. g4 1/2-1/2

[Event "African Championship"]
[Site "followchess.com"]
[Date "2021.05.24"]
[Round "6"]
[White "Kawuma, Patrick"]
[Black "Mwali, Chitumbo"]
[Result "1-0"]
[ECO "A28"]
[WhiteElo "2323"]
[BlackElo "2285"]
[PlyCount "79"]
[EventDate "2021.??.??"]
[TimeControl "7200+30"]
[WhiteClock "0:00:37"]
[BlackClock "0:33:49"]

1. c4 e5 2. Nc3 Nf6 3. Nf3 Nc6 4. e3 d5 5. cxd5 Nxd5 6. Bb5 Nxc3 7. bxc3 Bd6 8. d4 e4 9. Nd2 Qg5 10. Bf1 Bf5 11. Rb1 Rb8 12. g3 O-O 13. Bg2 Rfe8 14. O-O b6 15. Qa4 Na5 16. c4 Qd8 17.
Bb2 c5 18. d5 Bd7 19. Qa3 b5 20. Bxe4 Nxc4 21. Nxc4 bxc4 22. Bg2 Rb4 23. Bc3 Qb6 24. Qc1 Qa6 25. e4 f6 26. f4 Rxb1 27. Qxb1 Qa3 28. Qa1 h6 29. Re1 Bf8 30. e5 fxe5 31. fxe5 Bf5 32. Qb2 Qa6 33. Be4 Bxe4 34. Rxe4 Qg6 35. Qe2 Rb8 36. e6 Rb1+ 37. Kg2 Rc1 38. Bxg7 Bxg7 39. e7 Qe8 40. d6 1-0

[Event "African Championship"]
[Site "followchess.com"]
[Date "2021.05.24"]
[Round "6"]
[White "Kayonde, Andrew"]
[Black "Okeke Issac"]
[Result "1-0"]
[ECO "B37"]
[WhiteElo "2399"]
[BlackElo "2097"]
[PlyCount "93"]
[EventDate "2021.??.??"]
[TimeControl "7200+30"]
[WhiteClock "0:59:32"]
[BlackClock "1:33:09"]

1. e4 c5 2. Nf3 g6 3. d4 cxd4 4. Nxd4 Bg7 5. c4 Nc6 6. Nc2 Nf6 7. Nc3 O-O 8. Be2 a5 9. O-O a4 10. Na3 d6 11. f3 Qa5 12. Kh1 Be6 13. Bd2 Nd4 14. Bd3 Nd7 15. Nd5 Qd8 16. Bc3 Nc6 17. Bxg7 Kxg7 18. Nb5 Nc5 19. Rc1 Bxd5 20. exd5 Nxd3 21. Qxd3 Ne5 22. Qd4 Kg8 23. Rc3 Nd7 24. Re1 Nc5 25. Rce3 Re8 26. f4 e6 27. h3 Rf8 28. b4 axb3 29. axb3 exd5 30. Qxd5 Qf6 31. Nxd6 Ne6 32. Qxb7 Nxf4 33. Ne8 Qd8 34. Qf3 Ne6 35. Nf6+ Kg7 36. Nd5 Rb8 37. Qe2 h5 38. Qb2+ Kh6 39. b4 Qh4 40. Re4 Qd8 41. b5 Qd6 42. Qd2+ Kg7 43. Qc3+ Kh6 44.
Qf6 Qd8 45. Ne7 Rb6 46. Rxe6 Rxe6 47. Nf5+ 1-0

[Event "African Championship"]
[Site "followchess.com"]
[Date "2021.05.24"]
[Round "6"]
[White "Masango, Spencer"]
[Black "Barrish, Daniel"]
[Result "0-1"]
[ECO "D00"]
[WhiteElo "2071"]
[BlackElo "2306"]
[PlyCount "58"]
[EventDate "2021.??.??"]
[TimeControl "7200+30"]
[WhiteClock "0:51:04"]
[BlackClock "0:42:09"]

1. d4 d5 2. Bf4 c5 3. e3 Nc6 4. c3 Nf6 5. Nf3 Qb6 6. Qc2 g6 7. Nbd2 Bg7 8. h3 O-O 9. Be2 Nd7 10. Rd1 Re8 11. O-O cxd4 12. exd4 Nf6 13. Bd3 Bd7 14. Ne5 Nxe5 15. Bxe5 Bb5 16. Bxb5 Qxb5 17. a4 Qc6 18. Qb3 Rac8 19. a5 Nd7 20. Bg3 b6 21. Ra1 b5 22. a6 Nb6 23. Ra5 Nc4 24. Nxc4 bxc4 25. Qb7 e6 26. Rc5 Qxb7 27. axb7 Rxc5 28. dxc5 e5 29. c6 a5 0-1

[Event "African Championship"]
[Site "followchess.com"]
[Date "2021.05.24"]
[Round "6"]
[White "Mhango, Banele"]
[Black "Abdulraheem Abdulrahman Akint"]
[Result "1-0"]
[ECO "A04"]
[WhiteElo "2117"]
[BlackElo "2264"]
[PlyCount "149"]
[EventDate "2021.??.??"]
[TimeControl "7200+30"]
[WhiteClock "0:01:25"]
[BlackClock "0:19:38"]

1. Nf3 c5 2. g3 g6 3. Bg2 Bg7 4. O-O Nc6 5. c4 d6 6. Nc3 e6 7. a3 Nge7 8. Rb1 Rb8 9. b4 b6 10. bxc5 dxc5 11. Bb2 O-O 12. d3 h6 13. Nb5 e5 14. Ne1 Be6 15. Nc3 Qd7 16. Nc2 f5 17. Ne3 f4 18.
Ned5 Bh3 19. Qa4 Bxg2 20. Kxg2 Nf5 21. f3 Rf7 22. Bc1 Rbf8 23. Ne4 Nfd4 24. Qd1 h5 25. Bb2 Qd8 26. Nf2 g5 27. g4 hxg4 28. Nxg4 Qd6 29. Bc3 Bh8 30. Be1 Rh7 31. Rh1 Nf5 32. Bf2 Rff7 33. Qd2 Rh5 34. Rbg1 Rfh7 35. Kf1 Rh3 36. Nc3 Kf8 37. Ne4 Qd8 38. Rg2 Ncd4 39. Bxd4 exd4 40. Rhg1 Nh4 41. Rf2 Bg7 42. Qd1 Nf5 43. Qa4 Ne3+ 44. Ke1 Bh8 45. Qc6 Rc7 46. Qg6 Rg7 47. Qe6 b5 48. Nxe3 dxe3 49. Qxh3 exf2+ 50. Kxf2 Qd4+ 51. Kg2 Kg8 52. Qe6+ Kf8 53. Qf5+ Rf7 54. Qc8+ Ke7 55. cxb5 Qe3 56. Qxh8 Qxe2+ 57. Nf2 g4 58. Qh4+ Kf8 59. fxg4 Kg8 60. Qg5+ Kh8 61. Qh6+ Kg8 62. Qg6+ Rg7 63. Qf5 Qe3 64. Qe4 Qd2 65. h3 Rf7 66. Re1 Kg7 67. Qe5+ Kh7 68. Qh5+ Kg7 69. Qe5+ Kh7 70. g5 Kg6 71. h4 Rh7 72. Qe8+ Rf7 73. Re6+ Kg7 74. h5 f3+ 75. Kh3 1-0

[Event "African Championship"]
[Site "followchess.com"]
[Date "2021.05.24"]
[Round "6"]
[White "Mphungu, Gerrard"]
[Black "Magana, Ben"]
[Result "1-0"]
[ECO "B01"]
[WhiteElo "2096"]
[BlackElo "2031"]
[PlyCount "22"]
[EventDate "2021.??.??"]
[TimeControl "7200+30"]

1. e4 d5 2. exd5 Nf6 3. d4 Nxd5 4. Bc4 Nf6 5. Nf3 e6 6. O-O Be7 7. Bf4 O-O 8.
c3 b6 9. Nbd2 Bb7 10. Qc2 Nbd7 11. Rfe1 c5 1-0

[Event "African Championship"]
[Site "followchess.com"]
[Date "2021.05.24"]
[Round "6"]
[White "Mwale, Joseph"]
[Black "Bellahcene, Bilel"]
[Result "1-0"]
[ECO "A05"]
[WhiteElo "2148"]
[BlackElo "2508"]
[PlyCount "121"]
[EventDate "2021.??.??"]
[TimeControl "7200+30"]
[WhiteClock "0:00:48"]
[BlackClock "0:01:40"]

1. Nf3 Nf6 2. g3 d5 3. Bg2 e6 4. d4 b5 5. a4 b4 6. c4 bxc3 7. bxc3 Ba6 8. O-O Nbd7 9. Nbd2 c5 10. Re1 Rc8 11. e4 cxd4 12. Nxd4 Nc5 13. exd5 Nxd5 14. Qh5 Nf6 15. Qh3 Bd6 16. Bc6+ Rxc6 17. Nxc6 Qd7 18. Nb4 Bb7 19. Nc4 Be7 20. Bf4 Ba8 21. Ne5 Qc8 22. Qf1 a6 23. Nc4 Qb7 24. f3 O-O 25. Na5 Qc8 26. Nc4 Ncd7 27. Be3 a5 28. Nc2 h5 29. Nd4 Nd5 30. Bf2 h4 31. Rac1 hxg3 32. hxg3 Nc5 33. Nxa5 Qc7 34. Nc4 Nxa4 35. Ne5 Bg5 36. Rc2 Be3 37. Bxe3 Qxe5 38. Bf4 Qf6 39. Be5 Qg6 40. Re4 f5 41. Re1 Naxc3 42. Qc4 f4 43. Rxc3 Qxg3+ 44. Kf1 Qh3+ 45. Ke2 Nxc3+ 46. Qxc3 Qg2+ 47. Kd1 Bd5 48. Re2 Qg1+ 49. Kd2 Rd8 50. Qc1 Qg5 51. Ke1 Qh4+ 52. Rf2 Ra8 53. Ne2 Qh1+ 54. Kd2 Qh5 55. Bb2 Bxf3 56. Nxf4 Qg4 57. Qc7 Bd5 58. Nxd5 Qg5+ 59. Ke1 Qg1+ 60. Rf1 Qg2 61. Qf7+ 1-0

[Event "African Championship"]
[Site "followchess.com"]
[Date "2021.05.24"]
[Round "6"]
[White "Nassr, Ali"]
[Black "Ajibola, Olanrewaju"]
[Result "1-0"]
[ECO "A46"]
[WhiteElo "2232"]
[BlackElo "2337"]
[PlyCount "87"]
[EventDate "2021.??.??"]
[TimeControl "7200+30"]
[WhiteClock "0:30:46"]
[BlackClock "0:45:21"]

1. d4 Nf6 2. Nf3 e6 3. e3 b6 4. Bd3 Bb7 5. Nbd2 c5 6. O-O Be7 7. c3 Nc6 8. a3 d5 9. Ne5 O-O 10. f4 cxd4 11. exd4 Ne4 12. Nxe4 Nxe5 13. Nf6+ Bxf6 14. fxe5 Be7 15. Qg4 f5 16. exf6 Rxf6 17. Rxf6 Bxf6 18. Qxe6+ Kh8 19. Qh3 Qg8 20. Bd2 Re8 21. Bg6 Re2 22. Re1 Rxe1+ 23. Bxe1 Bg5 24. b3 Bc8 25. Qh5 Be3+ 26. Bf2 Bxf2+ 27. Kxf2 Be6 28. Kg1 h6 29. Qe5 Qc8 30. h3 Bg8 31. Qe3 Qc6 32. Bc2 Qd6 33. a4 Qc6 34. g4 Bh7 35.
Bxh7 Kxh7 36. Qd3+ Kh8 37. c4 dxc4 38. Qxc4 Qf3 39. Qc8+ Kh7 40. Qf5+ Qxf5 41. gxf5 a5 42. Kf2 g6 43. d5 Kg7 44. d6 1-0

[Event "African Championship"]
[Site "followchess.com"]
[Date "2021.05.24"]
[Round "6"]
[White "Oragwu, Chukwunonso"]
[Black "Hesham, Abdelrahman"]
[Result "0-1"]
[ECO "E04"]
[WhiteElo "2241"]
[BlackElo "2400"]
[PlyCount "96"]
[EventDate "2021.??.??"]
[TimeControl "7200+30"]
[WhiteClock "0:05:32"]
[BlackClock "0:03:54"]

1. Nf3 d5 2. d4 Nf6 3. c4 e6 4. g3 dxc4 5. Bg2 a6 6. O-O Nc6 7. Bg5 Be7 8. e3 Rb8 9. Nfd2 e5 10. Bxf6 Bxf6 11. d5 Ne7 12. Nxc4 Nf5 13. Nbd2 Nd6 14. Rc1 O-O 15. e4 g6 16. a4 Bg7 17. Qb3 Re8 18. Rc2 f5 19. Nxd6 cxd6 20.
Nc4 fxe4 21. Qb4 Bf5 22. Rc3 b5 23. Na5 bxa4 24. Qxa4 Rxb2 25. Nc4 Rb5 26. Rd1 Bc8 27. Bxe4 Rf8 28. Qa3 Rc5 29. Rdc1 Qf6 30. R1c2 Bb7 31. Rf3 Qe7 32. Rfc3 Rfc8 33. Na5 Rxc3 34. Rxc3 Rxc3 35. Qxc3 Bf8 36. Qc4 Qf7 37. Qb3 Bc8 38. Qb6 Bf5 39. Bg2 Bd3 40. Nc6 e4 41. Qa5 Qf5 42. h4 Qg4 43. Qd8 e3 44. Qe8 Qd1+ 45.
Kh2 exf2 46. Ne7+ Kg7 47. Qd7 Qg1+ 48. Kh3 Qxg2+ 0-1

[Event "African Championship"]
[Site "followchess.com"]
[Date "2021.05.24"]
[Round "6"]
[White "Silva, David"]
[Black "Osunfuyi, Abimbola"]
[Result "1/2-1/2"]
[ECO "B45"]
[WhiteElo "2296"]
[BlackElo "2246"]
[PlyCount "65"]
[EventDate "2021.??.??"]
[TimeControl "7200+30"]
[WhiteClock "0:02:15"]
[BlackClock "0:03:01"]

1. e4 c5 2. Nf3 Nc6 3. d4 cxd4 4. Nxd4 Nf6 5. Nc3 e6 6.
Ndb5 Bb4 7. a3 Bxc3+ 8. Nxc3 d5 9. exd5 exd5 10. Bd3 O-O 11.
O-O d4 12. Ne4 Bf5 13. Bg5 Bxe4 14. Bxe4 Qd6 15. Bxf6 Qxf6 16. Qh5 g6 17. Qb5 Rab8 18. Rad1 Rfe8 19. f3 Re6 20. Rf2 Re5 21. Qc4 Rd8 22. b4 Re6 23. Rfd2 Red6 24. Qb5 R8d7 25. Re2 Re7 26. Red2 Qf4 27. Qf1 Qe3+ 28. Qf2 Qxa3 29. b5 Ne5 30. Rxd4 Rxd4 31. Qxd4 Qa5 32. Qc5 Rd7 33. Rf1 1/2-1/2

[Event "African Championship"]
[Site "followchess.com"]
[Date "2021.05.25"]
[Round "7"]
[White "Abdulraheem Abdulrahman Akint"]
[Black "Oragwu, Chukwunonso"]
[Result "1-0"]
[ECO "B38"]
[WhiteElo "2264"]
[BlackElo "2241"]
[PlyCount "81"]
[EventDate "2021.??.??"]
[TimeControl "7200+30"]
[WhiteClock "0:30:43"]
[BlackClock "0:46:37"]

1. e4 c5 2. Nf3 Nc6 3. d4 cxd4 4. Nxd4 g6 5. c4 Bg7 6. Be3 d6 7. Nc3 Nf6 8. Be2 O-O 9. Nc2 Be6 10. O-O Nd7 11. Qd2 a5 12. Bh6 Nc5 13.
Bxg7 Kxg7 14. Ne3 a4 15. Rac1 Qa5 16. Ned5 Rad8 17. Rfe1 Bc8 18. Qg5 f6 19. Qg3 e6 20. Ne3 Nd4 21. Bf1 e5 22. Nc2 Nce6 23. Nxd4 Nxd4 24. Ne2 Ne6 25. Red1 Nc5 26. Nc3 Be6 27. f3 Rd7 28. Nb5 Qb6 29. Qf2 f5 30. exf5 Bxf5 31. Rd2 Rf6 32. Rcd1 Qc6 33. Qe3 Rd8 34. Rd5 Qb6 35. g4 Bc8 36. g5 Re6 37. Bh3 Qa5 38.
Bxe6 Bxe6 39. Rxd6 Rxd6 40.
Qxe5+ Kg8 41. Qxd6 1-0

[Event "African Championship"]
[Site "followchess.com"]
[Date "2021.05.25"]
[Round "7"]
[White "Abrantes, Persson"]
[Black "Mulenga, Prince Daniel"]
[Result "1/2-1/2"]
[ECO "A05"]
[WhiteElo "2018"]
[BlackElo "2246"]
[PlyCount "56"]
[EventDate "2021.??.??"]
[TimeControl "7200+30"]
[WhiteClock "0:49:34"]
[BlackClock "0:12:59"]

1. Nf3 Nf6 2. g3 g6 3. Bg2 Bg7 4. O-O O-O 5. d3 c5 6. e4 Nc6 7. Nc3 d6 8. h3 e5 9. Be3 Nd4 10. Nh2 Rb8 11. Qd2 Nh5 12. Nd5 Ne6 13. Ng4 f5 14. exf5 gxf5 15.
Nh6+ Kh8 16. Nxf5 Rxf5 17. g4 Nef4 18. gxf5 Qg5 19. Bxf4 exf4 20. Qe2 Bxf5 21. Qf3 Bxb2 22. Rae1 Be5 23. Kh1 Rg8 24. Rg1 Be6 25. Nc7 Bc8 26. Nd5 Be6 27. Nc7 Bc8 28. Nd5 Be6 1/2-1/2

[Event "African Championship"]
[Site "followchess.com"]
[Date "2021.05.25"]
[Round "7"]
[White "Adly, Ahmed"]
[Black "Mwale, Joseph"]
[Result "1-0"]
[ECO "A46"]
[WhiteElo "2615"]
[BlackElo "2148"]
[PlyCount "57"]
[EventDate "2021.??.??"]
[TimeControl "7200+30"]
[WhiteClock "0:37:32"]
[BlackClock "0:51:39"]

1. d4 Nf6 2. Nf3 e6 3. g3 d5 4. Bg2 c5 5. O-O Nc6 6. c4 dxc4 7. Ne5 Nxe5 8. dxe5 Qxd1 9. Rxd1 Nd5 10. Na3 Be7 11. Nxc4 O-O 12. e4 Nb4 13. a3 Nc6 14. Be3 b6 15. f4 Ba6 16. Nd6 Rfd8 17. b4 c4 18.
b5 Bxd6 19. Rxd6 Bxb5 20. a4 Rxd6 21. exd6 Ba6 22. e5 Bb7 23. Rc1 Na5 24. Bxb7 Nxb7 25. Rxc4 f6 26. Rc7 Na5 27. Bd2 Rd8 28. Bxa5 bxa5 29. f5 1-0

[Event "African Championship"]
[Site "followchess.com"]
[Date "2021.05.25"]
[Round "7"]
[White "Ajibola, Olanrewaju"]
[Black "Nyambalo, Joseph Xavier"]
[Result "1-0"]
[ECO "A48"]
[WhiteElo "2337"]
[BlackElo "2032"]
[PlyCount "85"]
[EventDate "2021.??.??"]
[TimeControl "7200+30"]
[WhiteClock "0:28:18"]
[BlackClock "0:55:46"]

1. d4 Nf6 2. Nf3 g6 3. Bg5 Bg7 4. Nbd2 c5 5. Bxf6 Bxf6 6.
Ne4 Bxd4 7. Nxd4 cxd4 8. Qxd4 O-O 9. O-O-O Nc6 10. Qd2 Qa5 11. Nc3 d6 12. e4 Be6 13. Kb1 a6 14. f4 f5 15. Bd3 Rac8 16.
exf5 Bxf5 17. Bc4+ Kg7 18. h3 b5 19. Bb3 Qb4 20. g4 Bd7 21.
Rhf1 a5 22. a3 Qc5 23. Ne4 Qb6 24. f5 Ne5 25. Qg5 Qd8 26. Rxd6 Rc6 27. Rd5 Nc4 28. Rfd1 h6 29. Qc1 Nb6 30. Rxd7 Nxd7 31. Be6 Rc7 32. Qd2 Qa8 33. Bd5 Qa7 34. g5 h5 35. fxg6 Ne5 36. Bf7 Nxf7 37. gxf7 Rxf7 38. Qd5 Qb6 39. Qe5+ Kh7 40. g6+ Kxg6 41. Qg5+ Kh7 42. Rg1 e5 43. Qxh5+ 1-0